 Dungeon Crawl Stone Soup version 0.18.1-48-g4cf74bf (webtiles) character file.

185 tagomago the Changer (level 5, -9/33 HPs)
             Began as an Octopode Transmuter on July 14, 2016.
             Was a Follower of Okawaru.
             Shot with an arrow by a centaur (10 damage)
             ... on level 5 of the Dungeon.
             The game lasted 00:08:49 (3545 turns).

tagomago the Changer (Octopode Transmuter)          Turns: 3545, Time: 00:08:50

Health: -9/33      AC:  1    Str:  9    XL:     5   Next: 64%
Magic:  8/8        EV: 12    Int: 16    God:    Okawaru [*.....]
Gold:   186        SH:  0    Dex: 13    Spells: 3 memorised, 2 levels left

rFire  . . .     SeeInvis .       - Unarmed
rCold  . . .     Gourm    .     (no shield)
rNeg   . . .     Faith    .     (helmet restricted)
rPois  .         Spirit   .     (no amulet)
rElec  .         Dismiss  .     (no ring)
rCorr  .         Reflect  .     (no ring)
SustAt .         Harm     .     (no ring)
MR     .....                    (no ring)
Stlth  +++.......               (no ring)
                                (no ring)
                                (no ring)
                                (no ring)

@: not resistant to hostile enchantments, fairly stealthy
A: almost no armour, amphibious, 8 rings, constrict 8, camouflage 1, gelatinous
body 1
a: Heroism, Renounce Religion


You were on level 5 of the Dungeon.
You worshipped Okawaru.
Okawaru was aware of your devotion.
You were not hungry.

You visited 1 branch of the dungeon, and saw 5 of its levels.

You collected 186 gold pieces.

Inventory:

Missiles
 a - 33 arrows
 h - 88 stones (quivered)
Armour
 t - a +0 buckler
 u - a +2 buckler
Scrolls
 e - a scroll of noise {unknown}
 f - 2 scrolls of teleportation
 g - a scroll of immolation {unknown}
 j - a scroll of fear {unknown}
 k - a scroll of random uselessness {unknown}
 l - 3 scrolls of identify {unknown}
Potions
 c - a potion of berserk rage {unknown}
 i - a potion of cure mutation {unknown}
 m - a potion of lignification {unknown}
 o - 5 potions of curing {unknown}
 p - a potion of resistance {unknown}
 q - 2 potions of degeneration {unknown}
 r - 2 potions of haste {unknown}
 s - a potion of flight {unknown}
Books
 b - a book of Changes

   Spells                             Type                      Level
   a - Beastly Appendage              Transmutation                1
   b - Sticks to Snakes               Transmutation                2
   c - Spider Form                    Transmutation/Poison         3
   d - Ice Form                       Ice/Transmutation            4
   e - Blade Hands                    Transmutation                5
Comestibles
 d - 2 fruits
 n - 2 meat rations


   Skills:
 - Level 1.0 Fighting
 - Level 2.0 Dodging
 - Level 2.0 Stealth
 - Level 4.1 Unarmed Combat
 - Level 2.0 Spellcasting
 + Level 4.6 Transmutations


You had 2 spell levels left.
You knew the following spells:

 Your Spells              Type           Power        Failure   Level  Hunger
a - Beastly Appendage     Trmt           ###...       3%          1    #......
b - Sticks to Snakes      Trmt           ###.....     6%          2    ###....
c - Spider Form           Trmt/Pois      #.........   28%         3    ###....


Dungeon Overview and Level Annotations

Branches:
Dungeon (5/15)
 Temple: D:4-7

Altars:
Okawaru

Shops:
D:4 :

Annotations:
D:3 tagomago's ghost, amateur NaTm
D:4 Dreemurr's ghost, amateur DDFi


Innate Abilities, Weirdness & Mutations

You cannot wear most types of armour.
You are amphibious.
You can wear up to eight rings at the same time.
You can use your tentacles to constrict eight enemies at once.
Your skin changes colour to match your surroundings (Stealth).
Your rubbery body absorbs attacks (AC +1).


Message History

The centaur is heavily wounded.
The worker ant twitches its antennae in your direction.
The crimson imp hits you. The centaur hits you!
* * * LOW HITPOINT WARNING * * *
You tentacle-slap the centaur but do no damage.
You tentacle-slap the centaur.
The centaur is severely wounded.
The centaur hits you.
* * * LOW HITPOINT WARNING * * *
The crimson imp barely misses you.
You tentacle-slap the centaur but do no damage.
The centaur is severely wounded.
The centaur barely misses you.
The crimson imp disappears for a moment.
The crimson imp hits you.
* * * LOW HITPOINT WARNING * * *
The centaur hits you.
* * * LOW HITPOINT WARNING * * *
The centaur wields a shortbow.
The centaur shoots an arrow.
The arrow hits you!
You die...

#........ ############
#.#.....# #..........#
#.#$....# #..........#
#.#.....# #..........#
#.#.a...#
...........###.#.....#
###.#####......#.5...##..
###.#####......#..c.$....
................@.......>
####.#...##.##.####.##...
#.....##.##.# ## .
##....##.##.#
#..........#
##.............
#.##.....#####
#..#........
##.......##.#


You could see a centaur, a worker ant and a crimson imp.

Vanquished Creatures
  A scorpion (D:4)
  Terence (D:2)
  6 adders
  An ooze (D:1)
  A dart slug (D:1)
  3 giant geckos
  A ball python (D:1)
  5 bats
  5 giant cockroaches
  8 goblins
  5 hobgoblins
  A quokka (D:4)
  4 giant newts
  A jackal skeleton (D:4)
  6 kobolds
  6 rats
55 creatures vanquished.

Notes
Turn   | Place    | Note
--------------------------------------------------------------
     0 | D:1      | tagomago the Octopode Transmuter began the quest for the Orb.
     0 | D:1      | Reached XP level 1. HP: 13/13 MP: 3/3
     4 | D:1      | Found an iron altar of Okawaru.
    12 | D:1      | Became a worshipper of Warmaster Okawaru
   206 | D:1      | Reached XP level 2. HP: 9/18 MP: 5/5
   771 | D:1      | Reached XP level 3. HP: 4/23 MP: 6/6
   950 | D:1      | Learned a level 2 spell: Sticks to Snakes
   955 | D:1      | Reached skill level 1 in Stealth
  1849 | D:2      | Learned a level 3 spell: Spider Form
  1932 | D:2      | Reached XP level 4. HP: 26/28 MP: 7/7
  2008 | D:2      | Noticed Terence
  2018 | D:2      | Killed Terence
  2639 | D:3      | Noticed tagomago's ghost (amateur NaTm)
  2949 | D:3      | Reached XP level 5. HP: 28/33 MP: 8/8
  3144 | D:4      | Found Zuoppow's Book Shoppe.
  3264 | D:4      | Reached * piety under Okawaru
  3300 | D:4      | Noticed Dreemurr's ghost (amateur DDFi)
  3314 | D:5      | Entered Level 5 of the Dungeon
  3530 | D:5      | Noticed a centaur
  3544 | D:5      | HP: 1/33 [centaur (1)]
  3545 | D:5      | Shot with an arrow by a centaur

Skill      XL: |  1  2  3  4  5 |
---------------+----------------+-----
Stealth        | 2 |  2.0
Unarmed Combat | 4 |  4.1
Transmutations | 3 4 |  4.6
Fighting       | |  1.0
Dodging        | |  2.0
Spellcasting   | |  2.0

Action                   |  1- 3 |  4- 6 || total
-------------------------+-------+-------++-------
Melee: Unarmed           |    83 |    64 ||   147
       Constrict         |    16 |     8 ||    24
       Punch             |     5 |     2 ||     7
       Tentacles         |     7 |     4 ||    11
       Kick              |     1 |       ||     1
Throw: Stone             |     4 |       ||     4
 Cast: Beastly Appendage |     2 |       ||     2
       Spider Form       |       |     4 ||     4
       Sticks to Snakes  |       |     2 ||     2
  Use: Scroll            |       |     1 ||     1
 Stab: Sleeping          |     9 |     9 ||    18
  Eat: Bread ration      |     1 |     1 ||     2
       Beef jerky        |       |     1 ||     1
Armor: Skin              |     4 |     2 ||     6
Dodge: Dodged            |    40 |    29 ||    69
